[Event "WSTCC-65 2020"]
[Site "Prague"]
[Date "2020.03.11"]
[Round "6.24"]
[White "Walther, Hans-Wolfgang"]
[Black "Malmdin, Nils-Ake"]
[Result "0-1"]
[ECO "E29"]
[WhiteElo "2111"]
[BlackElo "2168"]
[Annotator "NA"]
[PlyCount "48"]
[EventDate "2020.03.06"]
[EventType "team-tourn"]
[EventCountry "CZE"]
[SourceTitle "playchess.com"]
[Source "ChessBase"]
[SourceQuality "1"]
[TimeControl "40/5400+30:1800+30"]

1. d4 Nf6 2. c4 e6 3. Nc3 Bb4 4. e3 O-O 5. Bd3 c5 6. a3 Bxc3+ 7. bxc3 Nc6 8. Nf3 d6 9. e4 e5 10. d5 Ne7 11. O-O {[%emt 0:11:22] E29: Nimzo-Indian: Sämisch: 5...0-0 6 e3 c5 7 Bd3 Nc6.} Ne8 12. Ne1 {[%emt 0:01:00] [#]} f5 $146 ({Predecessor:} 12... Ng6 13. Qc2 Qf6 14. Be3 Nf4 15. f3 Nxd3 16. Nxd3 Qg6 17. Nf2 f5 18. f4 exf4 19. Bxf4 fxe4 20. Qxe4 Bf5 21. Qe7 Rc8 22. Qxb7 Rc7 23. Qb2 Rcf7 24. Qd2 {½-½ (24) Di Benedetto,E (2396)-David,A (2542) Padova 2019}) 13. exf5 Bxf5 14. f4 e4 15. Be2 h6 (15... Qa5 $14) 16. g4 Bh7 17. Ng2 Ng6 18. Qe1 Nc7 19. a4 a6 20. h4 Re8 21. g5 hxg5 22. hxg5 Ne7 $18 23. Nh4 Qd7 24. Kg2 e3 0-1

[Event "WSTCC-65 2020"]
[Site "Prague"]
[Date "2020.03.11"]
[Round "6.34"]
[White "Goormachtigh, Johan"]
[Black "Heim, Sverre"]
[Result "1/2-1/2"]
[ECO "D07"]
[WhiteElo "2181"]
[BlackElo "2316"]
[Annotator "RC"]
[PlyCount "74"]
[EventDate "2020.03.06"]
[EventType "team-tourn"]
[EventCountry "CZE"]
[SourceTitle "playchess.com"]
[Source "ChessBase"]
[SourceQuality "1"]
[TimeControl "40/5400+30:1800+30"]

1. d4 d5 2. c4 Nc6 3. Nc3 e5 4. cxd5 Nxd4 5. e3 Nf5 6. Nf3 Bd6 7. Bb5+ Bd7 8. Bxd7+ Qxd7 9. O-O h6 10. e4 Nfe7 11. Nd2 Nf6 12. Nc4 O-O 13. Qf3 Kh7 14. a4 Ng6 15. g3 Ne8 16. Ne3 Ne7 17. Bd2 f5 18. exf5 Nxf5 19. Qg4 g6 20. Ne4 Nf6 21. Nxf6+ Rxf6 22. Qh3 Qg7 23. Ng4 Rf7 24. Bc3 Nd4 25. Bxd4 exd4 26. Rae1 h5 27. f4 Rf5 28. Ne5 Bxe5 29. fxe5 Rxe5 30. Rxe5 Qxe5 31. Qd7+ Kh6 32. Rf7 Rh8 33. Re7 Qd6 34. Qxc7 Qxc7 35. Rxc7 Rd8 36. Rxb7 Rxd5 37. Kf1 Kg5 1/2-1/2

[Event "WSTCC-65 2020"]
[Site "Prague"]
[Date "2020.03.11"]
[Round "6.36"]
[White "Aragones-Melhem, Georgy"]
[Black "Semakoff, Aleks"]
[Result "1-0"]
[ECO "B07"]
[WhiteElo "2106"]
[BlackElo "2012"]
[Annotator "ChessBase"]
[PlyCount "85"]
[EventDate "2020.03.06"]
[EventType "team-tourn"]
[EventCountry "CZE"]
[SourceTitle "playchess.com"]
[Source "ChessBase"]
[SourceQuality "1"]
[TimeControl "40/5400+30:1800+30"]

1. e4 d6 2. d4 Nf6 3. Nc3 Nbd7 4. Nf3 e5 5. Bc4 Be7 6. Bxf7+ Kxf7 7. Ng5+ Kg8 8. Ne6 Qe8 9. Nxc7 Qg6 10. Nxa8 Qxg2 11. Rf1 Ng4 12. Qe2 Nxh2 13. Qc4+ d5 14. Nxd5 Qxf1+ 15. Qxf1 Nxf1 16. Nxe7+ Kf7 17. Nd5 Nh2 18. Ke2 Ng4 19. dxe5 Ndxe5 20. f4 Nc6 21. Nac7 Nf6 22. Nxf6 Kxf6 23. b3 h5 24. Bb2+ Kf7 25. f5 Rh7 26. Nb5 Ke7 27. Rd1 h4 28. Kf3 h3 29. Kg3 Bd7 30. Kh2 a6 31. Ba3+ Kd8 32. Nd6 Kc7 33. Bb2 b5 34. e5 Ne7 35. e6 Bc6 36. Be5 Kb6 37. c4 Rh5 38. cxb5 axb5 39. Rf1 Rg5 40. Rf2 Bg2 41. Bxg7 Rxg7 42. f6 Rh7 43. fxe7 1-0

[Event "WSTCC-65 2020"]
[Site "Prague"]
[Date "2020.03.11"]
[Round "6.41"]
[White "Babula, Milan"]
[Black "Holst, Per"]
[Result "1-0"]
[ECO "C17"]
[WhiteElo "2144"]
[BlackElo "2152"]
[Annotator "ChessBase"]
[PlyCount "101"]
[EventDate "2020.03.06"]
[EventType "team-tourn"]
[EventCountry "CZE"]
[SourceTitle "playchess.com"]
[Source "ChessBase"]
[SourceQuality "1"]
[TimeControl "40/5400+30:1800+30"]

1. e4 e6 2. d4 d5 3. Nc3 Bb4 4. e5 c5 5. Bd2 Ne7 6. Nb5 Bxd2+ 7. Qxd2 O-O 8. dxc5 Nd7 9. f4 Nxc5 10. Bd3 b6 11. Nf3 Ba6 12. Nbd4 Bxd3 13. cxd3 Qd7 14. O-O Nc6 15. b4 Nxd4 16. Nxd4 Nb7 17. f5 exf5 18. Rxf5 Nd8 19. Raf1 Nc6 20. Qf4 Nxd4 21. Qxd4 Rae8 22. h4 Qd8 23. h5 Re6 24. R1f3 f6 25. exf6 Rfxf6 26. Rxd5 Rd6 27. Rxd6 Rxd6 28. Qc4+ Kh8 29. Qf7 Rf6 30. Rxf6 gxf6 31. Kh2 h6 32. Qg6 Qd6+ 33. g3 Qe5 34. Qxh6+ Kg8 35. Qg6+ Kf8 36. Kh3 Qe6+ 37. Kh4 Qe5 38. Qh6+ Ke7 39. Qg7+ Ke8 40. Qg6+ Kf8 41. h6 Qd4+ 42. Qe4 Qf2 43. Kg4 Qh2 44. Qa8+ Kf7 45. Qxa7+ Ke8 46. Qb8+ Kf7 47. Qc7+ Ke8 48. Qc6+ Kf7 49. Qd7+ Kf8 50. Qg7+ Ke8 51. Qxf6 1-0

[Event "WSTCC-65 2020"]
[Site "Prague"]
[Date "2020.03.11"]
[Round "6.43"]
[White "Vavruska, Antonin"]
[Black "Christiansen, Arne"]
[Result "0-1"]
[ECO "B06"]
[WhiteElo "1971"]
[BlackElo "2016"]
[Annotator "ChessBase"]
[PlyCount "81"]
[EventDate "2020.03.06"]
[EventType "team-tourn"]
[EventCountry "CZE"]
[SourceTitle "playchess.com"]
[Source "ChessBase"]
[SourceQuality "1"]
[TimeControl "40/5400+30:1800+30"]

1. e4 d6 2. d4 g6 3. Nc3 Bg7 4. Bg5 c6 5. Qd2 b5 6. h3 Nf6 7. Nf3 b4 8. Ne2 Nxe4 9. Qf4 Nxg5 10. Nxg5 O-O 11. Qh4 h6 12. Nf3 Nd7 13. O-O-O c5 14. Qe4 Rb8 15. Qe3 Bb7 16. Kb1 cxd4 17. Nexd4 Ne5 18. Be2 Qb6 19. Rhe1 Rbc8 20. Rd2 Bxf3 21. Nxf3 Qxe3 22. fxe3 Nc4 23. Bxc4 Rxc4 24. Rd5 Rfc8 25. Re2 R4c5 26. Red2 f5 27. R5d3 Kf7 28. a3 Rb8 29. Rb3 Rcb5 30. Ne1 bxa3 31. Rxb5 Rxb5 32. c4 Rxb2+ 33. Rxb2 axb2 34. Nd3 Bc3 35. Kc2 Bd2 36. Nxb2 Bxe3 37. Kd3 Bc5 38. Na4 e5 39. Nc3 Ke6 40. Nd5 e4+ 41. Kc2 0-1

[Event "WSTCC-65 2020"]
[Site "Prague"]
[Date "2020.03.11"]
[Round "6.46"]
[White "Page, Mark E"]
[Black "Kratschmer, Heinz"]
[Result "0-1"]
[ECO "B23"]
[WhiteElo "2135"]
[BlackElo "2037"]
[Annotator "ChessBase"]
[PlyCount "72"]
[EventDate "2020.03.06"]
[EventType "team-tourn"]
[EventCountry "CZE"]
[SourceTitle "playchess.com"]
[Source "ChessBase"]
[SourceQuality "1"]
[TimeControl "40/5400+30:1800+30"]

1. e4 c5 2. Nc3 g6 3. f4 Bg7 4. Nf3 Nc6 5. Bb5 Nd4 6. O-O a6 7. Bd3 d6 8. Nxd4 cxd4 9. Ne2 e5 10. Qe1 Nf6 11. c3 O-O 12. Kh1 Re8 13. fxe5 dxe5 14. cxd4 exd4 15. Ng3 Be6 16. b3 Ng4 17. Ne2 Ne5 18. Qg3 h5 19. Bb1 Ng4 20. d3 h4 21. Qe1 Ne3 22. Rg1 Rc8 23. Bb2 Bg4 24. h3 Bxe2 25. Qxe2 Nf5 26. g4 Ng3+ 27. Rxg3 hxg3 28. Bc2 Re6 29. Rf1 Rf6 30. Rxf6 Qxf6 31. Kg2 Qf4 32. Bd1 Be5 33. b4 Kg7 34. a4 Rh8 35. Qf1 Qd2+ 36. Qe2 Qh6 0-1

[Event "WSTCC-65 2020"]
[Site "Prague"]
[Date "2020.03.11"]
[Round "6.47"]
[White "Pitzl, Konstantinos"]
[Black "Bowmer, Kevin"]
[Result "1/2-1/2"]
[ECO "A04"]
[WhiteElo "2023"]
[BlackElo "2116"]
[Annotator "ChessBase"]
[PlyCount "45"]
[EventDate "2020.03.06"]
[EventType "team-tourn"]
[EventCountry "CZE"]
[SourceTitle "playchess.com"]
[Source "ChessBase"]
[SourceQuality "1"]
[TimeControl "40/5400+30:1800+30"]

1. Nf3 g6 2. g3 Bg7 3. Bg2 c5 4. O-O Nc6 5. c3 e5 6. d3 Nge7 7. e4 O-O 8. Be3 d6 9. d4 cxd4 10. cxd4 Bg4 11. d5 Nb4 12. a3 Na6 13. h3 Bd7 14. Nc3 f5 15. Rc1 b6 16. b4 Nc7 17. Nh2 Nb5 18. Nxb5 Bxb5 19. Re1 fxe4 20. Bxe4 Nf5 21. Qd2 Qd7 22. Kg2 Rac8 23. Nf3 1/2-1/2

[Event "WSTCC-65 2020"]
[Site "Prague"]
[Date "2020.03.12"]
[Round "7.2"]
[White "Maryasin, Boris"]
[Black "Giffard, Nicolas"]
[Result "1/2-1/2"]
[ECO "B82"]
[WhiteElo "2305"]
[BlackElo "2236"]
[Annotator "ChessBase"]
[PlyCount "42"]
[EventDate "2020.03.06"]
[EventType "team-tourn"]
[EventCountry "CZE"]
[SourceTitle "playchess.com"]
[Source "ChessBase"]
[SourceQuality "1"]
[TimeControl "40/5400+30:1800+30"]

1. e4 c5 2. Nf3 e6 3. d4 cxd4 4. Nxd4 Nf6 5. Nc3 d6 6. f4 Be7 7. Bb5+ Bd7 8. e5 dxe5 9. fxe5 Nd5 10. Nxd5 exd5 11. Bxd7+ Qxd7 12. Qh5 g6 13. Qe2 O-O 14. Bh6 Re8 15. O-O-O Bf6 16. Nf3 Nc6 17. Qb5 Nxe5 18. Qxd7 Nxd7 19. Rxd5 Nb6 20. Rdd1 Na4 21. c3 Re2 1/2-1/2

[Event "WSTCC-65 2020"]
[Site "Prague"]
[Date "2020.03.12"]
[Round "7.3"]
[White "Boudre, Jean-Pierre"]
[Black "Shevelev, Arkady"]
[Result "1/2-1/2"]
[ECO "B12"]
[WhiteElo "2263"]
[BlackElo "2278"]
[Annotator "ChessBase"]
[PlyCount "81"]
[EventDate "2020.03.06"]
[EventType "team-tourn"]
[EventCountry "CZE"]
[SourceTitle "playchess.com"]
[Source "ChessBase"]
[SourceQuality "1"]
[TimeControl "40/5400+30:1800+30"]

1. e4 c6 2. d4 d5 3. e5 Bf5 4. h4 h6 5. g4 Bd7 6. Nc3 c5 7. dxc5 e6 8. Be3 a6 9. f4 Qc7 10. Nf3 Bxc5 11. Bxc5 Qxc5 12. Qd2 Nc6 13. O-O-O Nge7 14. Bd3 O-O-O 15. Kb1 Kb8 16. g5 hxg5 17. hxg5 g6 18. Rh6 Nb4 19. Rdh1 Rhf8 20. Rh7 Nxd3 21. cxd3 Nf5 22. Nh4 Qe3 23. Qxe3 Nxe3 24. d4 Rh8 25. Nf3 Rxh7 26. Rxh7 Rf8 27. Rh2 Kc7 28. Kc1 Kd8 29. Nd1 Nf5 30. Kd2 Ke7 31. Rh3 Rc8 32. Ne3 Nxe3 33. Kxe3 Rc1 34. Rh2 Ra1 35. a3 Bb5 36. Rg2 Rd1 37. Rd2 Rc1 38. Kf2 Ba4 39. Ne1 Bb5 40. Nf3 Ba4 41. Ne1 1/2-1/2

[Event "WSTCC-65 2020"]
[Site "Prague"]
[Date "2020.03.12"]
[Round "7.4"]
[White "Lederman, Leon"]
[Black "Canonne, Antoine"]
[Result "1/2-1/2"]
[ECO "B15"]
[WhiteElo "2234"]
[BlackElo "1917"]
[Annotator "ChessBase"]
[PlyCount "60"]
[EventDate "2020.03.06"]
[EventType "team-tourn"]
[EventCountry "CZE"]
[SourceTitle "playchess.com"]
[Source "ChessBase"]
[SourceQuality "1"]
[TimeControl "40/5400+30:1800+30"]

1. e4 c6 2. d4 d5 3. Nc3 dxe4 4. Nxe4 Nf6 5. Nxf6+ exf6 6. Bc4 Bd6 7. Qe2+ Qe7 8. Qxe7+ Kxe7 9. Ne2 Be6 10. Bxe6 fxe6 11. Bf4 Re8 12. O-O-O a5 13. Rhe1 Na6 14. Bd2 b6 15. a3 Kf7 16. Nc3 Ra7 17. Ne4 Bf8 18. Bf4 Rd7 19. Re3 Red8 20. Red3 b5 21. Be3 Rd5 22. g4 h6 23. h3 a4 24. R1d2 R5d7 25. Kb1 Rc8 26. c4 Rcd8 27. cxb5 cxb5 28. Rc3 Rc7 29. Bf4 Rxc3 30. Nxc3 b4 1/2-1/2

[Event "WSTCC-65 2020"]
[Site "Prague"]
[Date "2020.03.12"]
[Round "7.12"]
[White "Malmdin, Nils-Ake"]
[Black "Buchal, Stephan"]
[Result "1/2-1/2"]
[ECO "B06"]
[WhiteElo "2168"]
[BlackElo "2276"]
[Annotator "ChessBase"]
[PlyCount "47"]
[EventDate "2020.03.06"]
[EventType "team-tourn"]
[EventCountry "CZE"]
[SourceTitle "playchess.com"]
[Source "ChessBase"]
[SourceQuality "1"]
[TimeControl "40/5400+30:1800+30"]

1. e4 d6 2. d4 g6 3. Nc3 Bg7 4. Be3 a6 5. h4 h5 6. Qd2 b5 7. O-O-O Bb7 8. f3 Nd7 9. Nh3 Rc8 10. Ng5 e6 11. Kb1 Ngf6 12. Bf4 Qe7 13. Bd3 e5 14. Be3 exd4 15. Bxd4 c5 16. Bf2 b4 17. Nd5 Nxd5 18. exd5 O-O 19. Rhe1 Qf6 20. Qc1 Nb6 21. Ne4 Qd8 22. Qg5 Na4 23. Qxd8 Rfxd8 24. b3 1/2-1/2

[Event "WSTCC-65 2020"]
[Site "Prague"]
[Date "2020.03.12"]
[Round "7.14"]
[White "Brock, Friedemann"]
[Black "Hardicsay, Peter"]
[Result "1-0"]
[ECO "D31"]
[WhiteElo "2230"]
[BlackElo "2203"]
[Annotator "ChessBase"]
[PlyCount "53"]
[EventDate "2020.03.06"]
[EventType "team-tourn"]
[EventCountry "CZE"]
[SourceTitle "playchess.com"]
[Source "ChessBase"]
[SourceQuality "1"]
[TimeControl "40/5400+30:1800+30"]

1. d4 d5 2. c4 e6 3. Nc3 c6 4. Nf3 dxc4 5. a4 c5 6. e4 Nc6 7. Be3 Nf6 8. Bxc4 Ng4 9. d5 Nxe3 10. fxe3 exd5 11. exd5 Nb4 12. O-O Bd6 13. e4 O-O 14. e5 Be7 15. Qd2 Bg4 16. d6 Bxf3 17. Rxf3 Nc6 18. Rxf7 Rxf7 19. Bxf7+ Kh8 20. Qd5 Nxe5 21. Qxe5 Bxd6 22. Qh5 Qe7 23. Nd5 Qe4 24. Rd1 Rf8 25. Nc3 Qe3+ 26. Kh1 Be5 27. Nd5 1-0

[Event "WSTCC-65 2020"]
[Site "Prague"]
[Date "2020.03.12"]
[Round "7.15"]
[White "Dory, Jeno"]
[Black "Schoeneberg, Manfred"]
[Result "1/2-1/2"]
[ECO "C60"]
[WhiteElo "2170"]
[BlackElo "2144"]
[Annotator "ChessBase"]
[PlyCount "25"]
[EventDate "2020.03.06"]
[EventType "team-tourn"]
[EventCountry "CZE"]
[SourceTitle "playchess.com"]
[Source "ChessBase"]
[SourceQuality "1"]
[TimeControl "40/5400+30:1800+30"]

1. e4 e5 2. Nf3 Nc6 3. Bb5 Nge7 4. O-O g6 5. c3 Bg7 6. d4 exd4 7. cxd4 d5 8. exd5 Nxd5 9. Re1+ Be6 10. Ne5 O-O 11. Nxc6 bxc6 12. Bxc6 Rb8 13. Nc3 1/2-1/2

[Event "WSTCC-65 2020"]
[Site "Prague"]
[Date "2020.03.12"]
[Round "7.16"]
[White "Heinsohn, Guenther"]
[Black "Boguszlavszkij, Jevgenyij"]
[Result "1/2-1/2"]
[ECO "B12"]
[WhiteElo "2157"]
[BlackElo "2155"]
[Annotator "ChessBase"]
[PlyCount "57"]
[EventDate "2020.03.06"]
[EventType "team-tourn"]
[EventCountry "CZE"]
[SourceTitle "playchess.com"]
[Source "ChessBase"]
[SourceQuality "1"]
[TimeControl "40/5400+30:1800+30"]

1. e4 c6 2. d4 d5 3. Nd2 g6 4. h3 Bg7 5. Ngf3 Nh6 6. Bd3 f6 7. O-O O-O 8. Re1 Nf7 9. c4 e6 10. b4 Nd7 11. Bb2 dxe4 12. Nxe4 Re8 13. Nc3 e5 14. Bf1 exd4 15. Nxd4 Nf8 16. Rxe8 Qxe8 17. c5 Bd7 18. Nf3 Rd8 19. Qb3 Be6 20. Bc4 Bxc4 21. Qxc4 Qe6 22. Qf1 Ng5 23. Nxg5 fxg5 24. Re1 Qf7 25. Qe2 Bd4 26. Ne4 Qxa2 27. Bxd4 Qxe2 28. Rxe2 Rxd4 29. Re1 1/2-1/2

[Event "WSTCC-65 2020"]
[Site "Prague"]
[Date "2020.03.12"]
[Round "7.19"]
[White "Salov, Sergej"]
[Black "Schulz, Michael"]
[Result "0-1"]
[ECO "C05"]
[WhiteElo "2135"]
[BlackElo "2122"]
[Annotator "ChessBase"]
[PlyCount "63"]
[EventDate "2020.03.06"]
[EventType "team-tourn"]
[EventCountry "CZE"]
[SourceTitle "playchess.com"]
[Source "ChessBase"]
[SourceQuality "1"]
[TimeControl "40/5400+30:1800+30"]

1. e4 e6 2. d4 d5 3. Nd2 Nf6 4. e5 Nfd7 5. f4 c5 6. c3 Nc6 7. Ndf3 Qa5 8. Be3 b5 9. a3 c4 10. g4 h5 11. gxh5 Rxh5 12. Ne2 g6 13. Ng3 Rh8 14. h4 Be7 15. h5 gxh5 16. Rxh5 Rg8 17. Kf2 Nf8 18. Bh3 Bd7 19. f5 exf5 20. Nxf5 O-O-O 21. Ng5 f6 22. Nxe7+ Nxe7 23. exf6 Nf5 24. Qf3 Nxe3 25. Qxe3 Rg6 26. f7 Qc7 27. Qg3 Bxh3 28. Qxh3+ Kb7 29. Qf5 Rdd6 30. Kg2 Qe7 31. Kh1 Qe2 32. Rh2 0-1

[Event "WSTCC-65 2020"]
[Site "Prague"]
[Date "2020.03.12"]
[Round "7.20"]
[White "Sager, Bernd"]
[Black "Gruzmann, Boris"]
[Result "0-1"]
[ECO "E63"]
[WhiteElo "1920"]
[BlackElo "2206"]
[Annotator "ChessBase"]
[PlyCount "62"]
[EventDate "2020.03.06"]
[EventType "team-tourn"]
[EventCountry "CZE"]
[SourceTitle "playchess.com"]
[Source "ChessBase"]
[SourceQuality "1"]
[TimeControl "40/5400+30:1800+30"]

1. d4 Nf6 2. c4 d6 3. Nf3 g6 4. g3 Bg7 5. Bg2 O-O 6. O-O Nc6 7. Nc3 a6 8. e4 Bg4 9. h3 Bxf3 10. Bxf3 e5 11. d5 Nd4 12. Bg2 c5 13. Be3 Nd7 14. Qd2 f5 15. f4 exf4 16. Bxf4 Ne5 17. b3 b5 18. cxb5 axb5 19. exf5 gxf5 20. Ne2 Ng6 21. Rad1 Re8 22. Nxd4 Bxd4+ 23. Kh1 Nxf4 24. Qxf4 Re5 25. Rde1 Qf6 26. Qd2 Qg6 27. g4 fxg4 28. Rf4 gxh3 29. Bf3 Rg5 30. Qd1 Rxa2 31. Be4 Rgg2 0-1

[Event "WSTCC-65 2020"]
[Site "Prague"]
[Date "2020.03.12"]
[Round "7.27"]
[White "Baumbach, Friedrich"]
[Black "Kierzek, Matthias"]
[Result "1/2-1/2"]
[ECO "D18"]
[WhiteElo "2130"]
[BlackElo "2217"]
[Annotator "ChessBase"]
[PlyCount "43"]
[EventDate "2020.03.06"]
[EventType "team-tourn"]
[EventCountry "CZE"]
[SourceTitle "playchess.com"]
[Source "ChessBase"]
[SourceQuality "1"]
[TimeControl "40/5400+30:1800+30"]

1. d4 d5 2. c4 c6 3. Nf3 Nf6 4. Nc3 dxc4 5. a4 Bf5 6. e3 e6 7. Bxc4 Bb4 8. O-O Nbd7 9. Qb3 a5 10. Na2 Bd6 11. Nc3 O-O 12. Re1 Ne4 13. Nxe4 Bxe4 14. Nd2 Bd5 15. e4 Bxc4 16. Nxc4 Bb4 17. Bd2 Bxd2 18. Nxd2 Qb6 19. Qc3 Rfd8 20. Nc4 Qa7 21. Red1 Nf6 22. Qe3 1/2-1/2

[Event "WSTCC-65 2020"]
[Site "Prague"]
[Date "2020.03.12"]
[Round "7.28"]
[White "Herbrechtsmeier, Christof"]
[Black "Walther, Hans-Wolfgang"]
[Result "1/2-1/2"]
[ECO "C53"]
[WhiteElo "2177"]
[BlackElo "2111"]
[Annotator "ChessBase"]
[PlyCount "81"]
[EventDate "2020.03.06"]
[EventType "team-tourn"]
[EventCountry "CZE"]
[SourceTitle "playchess.com"]
[Source "ChessBase"]
[SourceQuality "1"]
[TimeControl "40/5400+30:1800+30"]

1. e4 e5 2. Nf3 Nc6 3. Bc4 Bc5 4. c3 Qe7 5. d4 Bb6 6. Bg5 Nf6 7. d5 Nb8 8. d6 cxd6 9. Na3 d5 10. Bxd5 h6 11. Bxf6 Qxf6 12. Bb3 O-O 13. Nc4 Bc7 14. Ne3 d6 15. Nd5 Qd8 16. Qd3 Na6 17. Qe3 Nc5 18. Bc2 Be6 19. O-O-O b5 20. Nxe5 Bxd5 21. Rxd5 Qe7 22. Nc6 Qh4 23. Qg3 Qxg3 24. hxg3 Rfe8 25. f3 a6 26. Nd4 Re5 27. Rxe5 dxe5 28. Nc6 Kf8 29. Rd1 Ke8 30. Rd5 Nd7 31. Bb3 f6 32. Rd1 Nb6 33. Be6 a5 34. a3 Ra6 35. Bf5 Nc4 36. Bg6+ Kf8 37. Nd8 Ke7 38. Nb7 Rc6 39. Bf5 Nd6 40. Nxd6 Rxd6 41. Rxd6 1/2-1/2

[Event "WSTCC-65 2020"]
[Site "Prague"]
[Date "2020.03.12"]
[Round "7.29"]
[White "Rooze, Jan"]
[Black "Watzka, Horst"]
[Result "1/2-1/2"]
[ECO "C49"]
[WhiteElo "2245"]
[BlackElo "2166"]
[Annotator "ChessBase"]
[PlyCount "91"]
[EventDate "2020.03.06"]
[EventType "team-tourn"]
[EventCountry "CZE"]
[SourceTitle "playchess.com"]
[Source "ChessBase"]
[SourceQuality "1"]
[TimeControl "40/5400+30:1800+30"]

1. e4 e5 2. Nf3 Nc6 3. Nc3 Nf6 4. Bb5 Bb4 5. O-O Bxc3 6. bxc3 O-O 7. d3 d6 8. Re1 Bd7 9. Rb1 Qe7 10. d4 b6 11. Bg5 Nb8 12. Bd3 Nc6 13. h3 h6 14. Bh4 Rfe8 15. Re3 Kh8 16. Bc4 Na5 17. Bf1 Bc6 18. Bd3 Rg8 19. Bg3 Nd7 20. Qd2 g5 21. Re2 f6 22. Nh2 Nf8 23. Ng4 Kg7 24. Ne3 Bd7 25. Nf5+ Bxf5 26. exf5 Qf7 27. Ree1 Nd7 28. Qe2 Rge8 29. Qf3 Rac8 30. Be4 c6 31. d5 Nc5 32. dxc6 Nxe4 33. Rxe4 Rxc6 34. Rd1 Rec8 35. Re3 Nc4 36. Re2 b5 37. h4 Nb6 38. hxg5 hxg5 39. Re3 Qxa2 40. Red3 Qf7 41. Rxd6 Rxc3 42. Qe2 Rxc2 43. Qxb5 Rc1 44. Qf1 Rxd1 45. Qxd1 Qc4 46. Bxe5 1/2-1/2

[Event "WSTCC-65 2020"]
[Site "Prague"]
[Date "2020.03.12"]
[Round "7.30"]
[White "Kratschmer, Heinz"]
[Black "Goormachtigh, Johan"]
[Result "1/2-1/2"]
[ECO "A48"]
[WhiteElo "2037"]
[BlackElo "2181"]
[Annotator "ChessBase"]
[PlyCount "70"]
[EventDate "2020.03.06"]
[EventType "team-tourn"]
[EventCountry "CZE"]
[SourceTitle "playchess.com"]
[Source "ChessBase"]
[SourceQuality "1"]
[TimeControl "40/5400+30:1800+30"]

1. d4 Nf6 2. Nf3 g6 3. Nc3 d5 4. Bf4 Bg7 5. e3 O-O 6. Be2 c5 7. Ne5 Nc6 8. h4 cxd4 9. exd4 Nd7 10. Nf3 Qb6 11. Na4 Qa5+ 12. c3 e5 13. b4 Qd8 14. Be3 exd4 15. Nxd4 Nde5 16. Rc1 Re8 17. Kf1 h5 18. a3 Nxd4 19. Bxd4 Bf5 20. Nc5 b6 21. Nd3 Nxd3 22. Bxd3 Bxd4 23. cxd4 Bxd3+ 24. Qxd3 Rc8 25. Rxc8 Qxc8 26. g3 Qc4 27. Qxc4 dxc4 28. Kg2 Re4 29. Rd1 Kf8 30. b5 Ke7 31. f3 Re2+ 32. Kf1 Re3 33. Re1 Re6 34. Rc1 Re3 35. Re1 Re6 1/2-1/2

[Event "WSTCC-65 2020"]
[Site "Prague"]
[Date "2020.03.12"]
[Round "7.31"]
[White "Van Herck, Marcel"]
[Black "Pitzl, Konstantinos"]
[Result "1/2-1/2"]
[ECO "B06"]
[WhiteElo "2056"]
[BlackElo "2023"]
[Annotator "ChessBase"]
[PlyCount "66"]
[EventDate "2020.03.06"]
[EventType "team-tourn"]
[EventCountry "CZE"]
[SourceTitle "playchess.com"]
[Source "ChessBase"]
[SourceQuality "1"]
[TimeControl "40/5400+30:1800+30"]

1. e4 g6 2. d4 Bg7 3. Nf3 d6 4. Nc3 a6 5. a4 a5 6. Be3 Nf6 7. Be2 O-O 8. Qd2 Ng4 9. Bg5 h6 10. Bh4 Na6 11. h3 Nf6 12. Rd1 c6 13. e5 Nd5 14. Nxd5 cxd5 15. Bg3 dxe5 16. Bxe5 Nb4 17. Bxg7 Kxg7 18. c3 Nc6 19. Bb5 Na7 20. Bd3 Nc6 21. O-O Qc7 22. Rfe1 Bd7 23. Ra1 Rfe8 24. Bb5 Nb8 25. Bd3 Nc6 26. Re3 e5 27. dxe5 Nxe5 28. Nxe5 Rxe5 29. Rxe5 Qxe5 30. Re1 Qf6 31. Bb5 Bc6 32. Qd3 Rd8 33. Qd4 Qxd4 1/2-1/2

[Event "WSTCC-65 2020"]
[Site "Prague"]
[Date "2020.03.12"]
[Round "7.32"]
[White "Nickl, Klaus"]
[Black "Schrickx, Frank"]
[Result "1-0"]
[ECO "D00"]
[WhiteElo "1946"]
[BlackElo "1826"]
[Annotator "ChessBase"]
[PlyCount "65"]
[EventDate "2020.03.06"]
[EventType "team-tourn"]
[EventCountry "CZE"]
[SourceTitle "playchess.com"]
[Source "ChessBase"]
[SourceQuality "1"]
[TimeControl "40/5400+30:1800+30"]

1. d4 d5 2. Bf4 Nf6 3. e3 e6 4. Nf3 c5 5. c3 Nc6 6. Nbd2 Be7 7. Bd3 Nh5 8. Bg3 g6 9. O-O Nxg3 10. hxg3 Bd7 11. a3 a5 12. dxc5 Bxc5 13. b4 axb4 14. axb4 Bd6 15. e4 O-O 16. Qb3 dxe4 17. Nxe4 Qc7 18. Rxa8 Rxa8 19. Nxd6 Qxd6 20. Rd1 Qc7 21. Qc4 Qb8 22. Qh4 Ne5 23. Ng5 h5 24. Be2 Be8 25. g4 Ra2 26. Re1 Rxe2 27. Rxe2 Nxg4 28. Ne4 Bb5 29. Rd2 Qf4 30. f3 f5 31. Rd8+ Kf7 32. Nd6+ Kg7 33. Qe7+ {[%emt 0:00:36] Kf7 Ne4+ Kg8 Qh4+ Qe3+ Rd2} 1-0

[Event "WSTCC-65 2020"]
[Site "Prague"]
[Date "2020.03.12"]
[Round "7.33"]
[White "Sejkora, Vlastimil"]
[Black "Jamieson, Peter M"]
[Result "0-1"]
[ECO "A42"]
[WhiteElo "2149"]
[BlackElo "2220"]
[Annotator "ChessBase"]
[PlyCount "76"]
[EventDate "2020.03.06"]
[EventType "team-tourn"]
[EventCountry "CZE"]
[SourceTitle "playchess.com"]
[Source "ChessBase"]
[SourceQuality "1"]
[TimeControl "40/5400+30:1800+30"]

1. e4 g6 2. d4 Bg7 3. c4 d6 4. Nc3 Nc6 5. Be3 e5 6. d5 Nce7 7. Bd3 f5 8. exf5 Nxf5 9. Bxf5 Bxf5 10. Nf3 Nf6 11. O-O O-O 12. h3 Qe7 13. Qe2 c5 14. Nd2 h6 15. g4 Bd7 16. Nde4 Kh7 17. Kg2 Rf7 18. f3 Raf8 19. Nxf6+ Bxf6 20. Ne4 Bh4 21. Qd2 g5 22. b4 b6 23. a4 Rb8 24. b5 Rff8 25. a5 Be8 26. axb6 axb6 27. Ra6 Bg6 28. Qd3 Kh8 29. Bf2 Bxf2 30. Rxf2 Rf4 31. Qe2 Rbf8 32. Ng3 e4 33. Qb2+ Kg8 34. Qa1 Rxf3 35. Re2 Qf7 36. Ra7 Rxg3+ 37. Kh2 Rxh3+ 38. Kg1 Qf6 0-1

[Event "WSTCC-65 2020"]
[Site "Prague"]
[Date "2020.03.12"]
[Round "7.34"]
[White "White, Alastair F"]
[Black "Janda, Zdenek"]
[Result "1-0"]
[ECO "B06"]
[WhiteElo "2052"]
[BlackElo "2065"]
[Annotator "ChessBase"]
[PlyCount "59"]
[EventDate "2020.03.06"]
[EventType "team-tourn"]
[EventCountry "CZE"]
[SourceTitle "playchess.com"]
[Source "ChessBase"]
[SourceQuality "1"]
[TimeControl "40/5400+30:1800+30"]

1. e4 g6 2. d4 Bg7 3. Nc3 d6 4. Be3 c6 5. a4 Nd7 6. h3 e5 7. Nge2 Ne7 8. g4 O-O 9. Qd2 d5 10. Bg2 c5 11. Nxd5 Nxd5 12. exd5 cxd4 13. Bh6 Nf6 14. Bxg7 Kxg7 15. c4 Rh8 16. O-O h5 17. g5 Ne8 18. f4 d3 19. Qxd3 exf4 20. Qd4+ Kh7 21. Nxf4 Nd6 22. Nxh5 gxh5 23. Rf6 Kg8 24. g6 Rh6 25. gxf7+ Nxf7 26. Raf1 Rxf6 27. Rxf6 Bd7 28. d6 Qf8 29. Rg6+ Kh7 30. Be4 1-0